 Dungeon Crawl Stone Soup version 0.21-a0-508-gf08a75f (webtiles) character file.

95 Gerstahl the Skirmisher (level 4, -5/43 HPs)
             Began as a Naga Skald on Nov 29, 2017.
             Killed from afar by an orc wizard (7 damage)
             ... with a magic dart
             ... on level 4 of the Dungeon.
             The game lasted 00:07:16 (2248 turns).

Gerstahl the Skirmisher (Naga Skald)                Turns: 2248, Time: 00:07:16

Health: -5/43      AC:  2    Str: 14    XL:     4   Next: 66%
Magic:  7/7        EV:  9    Int: 13    God:
Gold:   77         SH:  0    Dex: 11    Spells: 6/7 levels left

rFire    . . .     SeeInvis +   a - +0 falchion
rCold    . . .     Gourm    .   (no shield)
rNeg     . . .     Faith    .   b - +0 leather armour
rPois    +         Spirit   .   (no helmet)
rElec    .         Reflect  .   (no cloak)
rCorr    .         Harm     .   (no gloves)
MR       .....                  (no barding)
Stlth    +.........             (no amulet)
HPRegen  0.14/turn              (no ring)
MPRegen  0.10/turn              (no ring)

@: very slow
A: large, see invisible, deformed body, poison resistance, slowness 2, slow
metabolism 1, spit poison 1, AC +1
a: Spit Poison


You were on level 4 of the Dungeon.
You were hungry.

You visited 1 branch of the dungeon, and saw 4 of its levels.

You collected 77 gold pieces.

Inventory:

Hand Weapons
 a - a +0 falchion (weapon)
Armour
 b - a +0 leather armour (worn)
Scrolls
 e - 2 scrolls of remove curse {unknown}
 h - a scroll of amnesia {unknown}
 j - a scroll of enchant weapon {unknown}
 k - a scroll of magic mapping {unknown}
 m - a scroll of immolation {unknown}
Potions
 f - a potion of magic {unknown}
 n - a potion of might {unknown}
 o - 2 potions of heal wounds {unknown}
 p - a potion of agility {unknown}
Books
 c - a book of Battle

   Spells                             Type                      Level
   a - Infusion                       Charms                       1
   b - Shroud of Golubria             Charms/Translocation         2
   c - Song of Slaying                Charms                       2
   d - Spectral Weapon                Hexes/Charms                 3
   e - Regeneration                   Charms/Necromancy            3
Comestibles
 d - 2 bread rations
 i - 2 chunks of flesh
 l - a royal jelly


   Skills:
 + Level 3.6 Fighting
 + Level 3.5 Long Blades
 - Level 0.7 Armour
 - Level 1.5 Dodging
 - Level 2.0 Spellcasting
 - Level 3.0 Charms


You had 6 spell levels left.
You knew the following spells:

 Your Spells              Type           Power        Failure   Level  Hunger
a - Infusion              Chrm           #...         10%         1    ##.....


Dungeon Overview and Level Annotations

Branches:
Dungeon (4/15)
 Temple: D:4-7

Altars:


Innate Abilities, Weirdness & Mutations

You cannot wear boots.
Your serpentine skin is tough. (AC +1)
You have supernaturally acute eyesight. (SInv)
Armour fits poorly on your strangely shaped body.
Your system is resistant to poisons. (rPois)
You cover ground very slowly.
You have a slow metabolism.
You can spit poison.


Message History

The orc wizard barely misses you. x2; You riposte.
You hit the orc wizard but do no damage.
The orc wizard is heavily wounded.
You closely miss the orc wizard.
The orc wizard is heavily wounded.
The orc wizard hits you but does no damage.
You closely miss the orc wizard.
The orc wizard is heavily wounded.
The orc wizard barely misses you.
You riposte.
You barely miss the orc wizard.
The orc wizard is heavily wounded.
The orc wizard hits you but does no damage.
You hit the orc wizard.
The orc wizard is almost dead.
You have got your breath back.
The orc wizard points at you and mumbles some strange words.
The magic dart hits you!
* * * LOW HITPOINT WARNING * * *
The orc wizard gestures at you while chanting.
The magic dart hits you!
You die...

### ..#
#.# #.#
#.# #)#
#@# #o#
#.#
##.#####.#
.........#
##.#######


You could see an orc wizard.

Vanquished Creatures
  2 adders
  2 dart slugs
  A worm (D:3)
  3 leopard geckos
  3 orcs
  4 giant cockroaches
  3 goblins
  9 hobgoblins
  3 jackals (D:2)
  9 kobolds
  2 ball pythons (D:2)
  6 bats
  11 frilled lizards
  5 rats
63 creatures vanquished.

Notes
Turn   | Place    | Note
-------+----------+-------------------------------------------
     0 | D:1      | Gerstahl the Naga Skald began the quest for the Orb.
     0 | D:1      | Reached XP level 1. HP: 19/19 MP: 3/3
   535 | D:1      | Reached XP level 2. HP: 25/27 MP: 5/5
  1105 | D:2      | Reached XP level 3. HP: 33/33 MP: 3/6
  1787 | D:2      | Reached XP level 4. HP: 29/42 MP: 3/7
  2248 | D:4      | HP: 2/43 [orc wizard/magic dart (6)]
  2248 | D:4      | Killed from afar by an orc wizard

Vault maps used:
D:1:      sevenhm_arrival_forest_fort_large_2
D:2:      minmay_misc_feat_secret_circle, minmay_lizard_king
D:4:      okawaru_trees_1, uniq_robin, uniq_blork_the_orc

Skill      XL: |  1  2  3 |
---------------+----------+-----
Fighting       | 3 |  3.6
Long Blades    | 3 |  3.5
Armour         | |  0.7
Dodging        | |  1.5
Spellcasting   | |  2.0
Charms         | |  3.0

Action                   |  1- 3 |  4- 6 || total
-------------------------+-------+-------++-------
Melee: Falchion          |    73 |    32 ||   105
 Cast: Infusion          |     7 |     3 ||    10
 Abil: Spit Poison       |    25 |    15 ||    40
  Use: Potion            |       |     3 ||     3
  Eat: Chunk             |     3 |     2 ||     5
Armor: Leather armour    |    29 |     4 ||    33
Dodge: Dodged            |    51 |    18 ||    69
       Rpst.: Falchion   |    17 |     4 ||    21

Table legend:
 A = Spawn XP
 B = Non-spawn XP
 C = Spawn XP percentage of total XP
 D = Spawn monster count
 E = Non-spawn monster count
 F = Spawn count percentage of total count
 G = Total turns spent on level
                    A         B        C        D         E        F      G
               +---------+---------+-------+---------+---------+-------+---------
         Total |       0 |     137 |   0.0 |       0 |      63 |   0.0 |  2248
               +---------+---------+-------+---------+---------+-------+---------
           D:1 |       0 |      29 |   0.0 |       0 |      17 |   0.0 |  1101
           D:2 |       0 |      63 |   0.0 |       0 |      31 |   0.0 |   859
           D:3 |       0 |      42 |   0.0 |       0 |      14 |   0.0 |   133
           D:4 |       0 |       3 |   0.0 |       0 |       1 |   0.0 |   155
               +---------+---------+-------+---------+---------+-------+---------
